[Event "*** Titled Tuesday Blitz"]
[Site "Chess.com"]
[Date "2021.03.02"]
[Round "2"]
[White "anon102030"]
[Black "Kaua18"]
[Result "1-0"]
[WhiteElo "2702"]
[BlackElo "2341"]
[TimeControl "180+1"]
[EndTime "10:17:51 PST"]
[Termination "anon102030 won on time"]

1. e4 c5 2. Nc3 Nc6 3. g3 g6 4.
Bg2 Bg7 5. d3 d6 6. Be3 e5 7. f4 Nge7 8. Nf3 O-O 9. fxe5 Nxe5 10. Nxe5 Bxe5 11. O-O Nc6 12. Qd2 Nd4 13. Rf2 Be6 14.
Raf1 b5 15. Bh6 Re8 16. Nd5 Bxd5 17. exd5 f6 18. c3 Nf5 19. Rxf5 gxf5 20. Rxf5 Qb6 21. Be3 b4 22. d4 bxc3 23. bxc3 cxd4 24. cxd4 Qb1+ 25.
Rf1 Qg6 26. dxe5 fxe5 27. Qb4 Rf8 28. Be4 Rxf1+ 29. Kxf1 Rf8+ 30. Ke1 Qf7 31. Qxd6 Qf1+ 32. Kd2 Qa1 33. Bxh7+ Kxh7 34. Qxf8 Qxa2+ 35. Ke1 Qb1+ 36. Kf2 Qc2+ 37. Kg1 Qd1+ 38. Qf1 Qxd5 39. Bxa7 e4 40. Be3 Qe5 41. Qf4 Qe6 42. Qg5 1-0

[Event "*** Titled Tuesday Blitz"]
[Site "Chess.com"]
[Date "2021.03.02"]
[Round "2"]
[White "JiiHart"]
[Black "Ghost_Pepper"]
[Result "0-1"]
[WhiteElo "2087"]
[BlackElo "2390"]
[TimeControl "180+1"]
[EndTime "10:17:51 PST"]
[Termination "Ghost_Pepper won on time"]

1. e4 c5 2. Nf3 d6 3. d4 cxd4 4. Nxd4 Nf6 5. Nc3 a6 6. Bg5 Nbd7 7. f4 Qc7 8. Qf3 h6 9. Bh4 g5 10. fxg5 Ne5 11. Qe2 Bg4 12. Qe3 Nfd7 13. Nd5 Qa5+ 14. b4 Qd8 15. h3 Be6 16. Nxe6 fxe6 17. Be2 hxg5 18. Qxg5 Nf7 19. Bh5 exd5 20. O-O Nf6 21. Bxf7+ Kxf7 22. Qxd5+ Ke8 23. Qxb7 Rb8 24. Qc6+ Qd7 25.
Qc3 Bg7 26. e5 Rxh4 27. exf6 Bxf6 28. Qg3 Qa7+ 29. Kh1 Qd4 30. Rad1 Qe5 31. Qg8+ Kd7 32. Qxb8 Rxh3+ 0-1

[Event "*** Titled Tuesday Blitz"]
[Site "Chess.com"]
[Date "2021.03.02"]
[Round "2"]
[White "paulrusan"]
[Black "mbojan"]
[Result "0-1"]
[WhiteElo "2330"]
[BlackElo "2629"]
[TimeControl "180+1"]
[EndTime "10:17:52 PST"]
[Termination "mbojan won by resignation"]

1. e4 g6 2. d4 Bg7 3. Nc3 d6 4.
Be3 a6 5. Qd2 b5 6. O-O-O Nd7 7.
f3 Bb7 8. h4 h6 9. Nh3 Rc8 10.
a3 e6 11. Kb1 Qxh4 12. Bxb5 axb5 13. Ng5 hxg5 14. Rxh4 gxh4 15. Nxb5 Rh5 16. e5 Ba6 17.
Qa5 Bxb5 18. Qxb5 Ne7 19. f4 Nf5 20. Bf2 Ke7 21. Qb7 Rhh8 22. c4 Rb8 23. Qxc7 Rhc8 24.
Qa5 Rxc4 25. Rc1 Rxc1+ 26. Kxc1 d5 27. Qa7 Ke8 28. Be1 Bf8 29. Bc3 Be7 30. Kd2 Bd8 31. Ke2 Bb6 32. Qa6 Bxd4 33. Kd3 Nc5+ 34. Kd2 Nxa6 35.
Bxd4 Nxd4 36. Kd3 Rxb2 37. Kxd4 Rxg2 38. f5 gxf5 0-1

[Event "*** Titled Tuesday Blitz"]
[Site "Chess.com"]
[Date "2021.03.02"]
[Round "2"]
[White "chessdjw"]
[Black "NikolaN98"]
[Result "0-1"]
[WhiteElo "2743"]
[BlackElo "2523"]
[TimeControl "180+1"]
[EndTime "10:17:53 PST"]
[Termination "NikolaN98 won by checkmate"]

1. d4 e6 2. c4 f5 3. g3 Nf6 4. Bg2 Be7 5. Nf3 O-O 6. O-O d6 7. b3 Ne4 8. Bb2 Qe8 9. Nbd2 Nxd2 10. Qxd2 Nd7 11. b4 Qh5 12. b5 g5 13. Qc2 Rf6 14.
c5 Rh6 15. cxd6 cxd6 16. h3 g4 17. Nh2 gxh3 18. Bf3 Qg6 19. Rac1 Nf6 20. Rfe1 Bd7 21. Qd2 Ne4 22. Bxe4 fxe4 23. Rc7 Bg5 24. Qc3 Bxb5 25.
d5 e5 26. Rxb7 e3 27. Rxb5 exf2+ 28. Kxf2 Rf8+ 29. Kg1 Bd2 30. Qb3 Bxe1 31. Nf1 h2+ 32. Nxh2 Bxg3 33. Nf3 Bh2+ 34. Kf1 Qg1# 0-1

[Event "*** Titled Tuesday Blitz"]
[Site "Chess.com"]
[Date "2021.03.02"]
[Round "2"]
[White "Goryachkina"]
[Black "SARGISMV"]
[Result "1/2-1/2"]
[WhiteElo "2669"]
[BlackElo "2469"]
[TimeControl "180+1"]
[EndTime "10:17:55 PST"]
[Termination "Game drawn by repetition"]

1. Nf3 Nf6 2. g3 b5 3. Bg2 Bb7 4. d4 e6 5. O-O c5 6. c3 d5 7. a4 b4 8. cxb4 cxb4 9. Bg5 Nbd7 10. a5 Ba6 11. Nbd2 h6 12. Bxf6 Nxf6 13. Ne5 Bd6 14.
Qa4+ Kf8 15. Nd3 Bxd3 16. exd3 Qd7 17. Nb3 Qxa4 18. Rxa4 Rc8 19. Nc5 Bxc5 20. Rc1 Ke7 21. dxc5 Rb8 22. d4 Rhc8 23. f4 g5 24. Kf2 Ng4+ 25.
Ke2 gxf4 26. gxf4 Nxh2 27. Rh1 Ng4 28. Bf3 Rg8 29. Rh4 Nf6 30. Rxh6 Rg7 31. Ra1 b3 32. Rc1 Rgg8 33. Rhh1 Rb4 34. Ke3 Rg3 35. Kf2 Rg8 36. Ke3 Rg3 37. Kf2 Rg8 38. Ke3 1/2-1/2

[Event "*** Titled Tuesday Blitz"]
[Site "Chess.com"]
[Date "2021.03.02"]
[Round "2"]
[White "FredyMatsuura"]
[Black "SlavenPastar"]
[Result "1-0"]
[WhiteElo "2334"]
[BlackElo "2588"]
[TimeControl "180+1"]
[EndTime "10:17:55 PST"]
[Termination "FredyMatsuura won on time"]

1. d4 b6 2. e4 Bb7 3. Bd3 Nf6 4. Nc3 e6 5. a3 d5 6. e5 Ng8 7. f4 c5 8. Nf3 Nc6 9. O-O c4 10. Be2 g6 11. Be3 Nh6 12. h3 Nf5 13. Bf2 h5 14. g4 hxg4 15. hxg4 Ng7 16. Kg2 Be7 17. Rh1 Kd7 18. Qd2 a6 19. b3 b5 20. bxc4 bxc4 21. Rab1 Rxh1 22. Kxh1 Rb8 23. Na4 Qa5 24. Qxa5 Nxa5 25.
Nc5+ Bxc5 26. dxc5 Nc6 27. Kg1 Ba8 28. Rb6 a5 29.
Ng5 Ke7 30. c3 Ne8 31. Bd1 Nc7 32. Ba4 Rxb6 33. cxb6 Na6 34. Bb5 Bb7 35. Bh4 Kf8 36. Nh7+ Kg7 37. Nf6 Nc5 38. Ne8+ Kf8 39. Nd6 Ba8 40.
Bf2 Nd3 41. b7 Bxb7 42. Nxb7 Na7 43. Bxa7 1-0

[Event "*** Titled Tuesday Blitz"]
[Site "Chess.com"]
[Date "2021.03.02"]
[Round "2"]
[White "guillembaches"]
[Black "Cuajada_Zero"]
[Result "1-0"]
[WhiteElo "2460"]
[BlackElo "2246"]
[TimeControl "180+1"]
[EndTime "10:17:55 PST"]
[Termination "guillembaches won on time"]

1. e4 c6 2. d4 d5 3. exd5 cxd5 4. Bd3 Nf6 5. h3 Nc6 6. c3 g6 7. Nf3 Bg7 8. O-O O-O 9. Bf4 Bf5 10. Be2 a6 11.
Nbd2 Rc8 12. Re1 Ne4 13. Nf1 f6 14. Ne3 Be6 15. Bh2 Bf7 16. Nd2 Nxd2 17. Qxd2 e5 18. Ng4 e4 19. Nh6+ Kh8 20. Nxf7+ Rxf7 21. f4 f5 22. Kh1 b5 23. a4 Qb6 24. axb5 axb5 25.
b4 Rff8 26. Ra3 Ra8 27. Rea1 Rxa3 28. Rxa3 Rb8 29. Bg1 Nd8 30. Ra5 Qc6 31. Be3 Ne6 32. Qb2 Bf8 33. Qa3 Bd6 34. Ra6 Rb6 35. Rxb6 Qxb6 36.
Qa8+ Kg7 37. Qxd5 Nxf4 38. Qxb5 Qc7 39. Bc4 h5 40. g3 Nxh3 41. Kg2 Bxg3 42. Qd5 Bh2 43.
Qg8+ Kf6 44. Qf8+ 1-0

[Event "*** Titled Tuesday Blitz"]
[Site "Chess.com"]
[Date "2021.03.02"]
[Round "2"]
[White "redblizzard"]
[Black "svilson23"]
[Result "1-0"]
[WhiteElo "2459"]
[BlackElo "2244"]
[TimeControl "180+1"]
[EndTime "10:17:55 PST"]
[Termination "redblizzard won by resignation"]

1. e4 c6 2. Nf3 d5 3. Nc3 dxe4 4. Nxe4 Nf6 5. Qe2 Nxe4 6. Qxe4 Qd5 7. Qh4 Qe6+ 8. Be2 Qg6 9. O-O Qxc2 10. Qg3 Qg6 11. Qc7 Nd7 12. d4 e6 13. Bg5 f6 14. Bf4 Nb6 15. Bg3 Nd5 16. Qa5 Bb4 17. Qa4 O-O 18. Rad1 Bd7 19. Bd3 Qf7 20. Qc2 g6 21. a3 Ba5 22.
Nd2 Bb6 23. Nc4 Bxd4 24. Nd6 Qg7 25. Bxg6 hxg6 26. Rxd4 e5 27. Rdd1 Rad8 28. Nxb7 Bf5 29. Qxc6 Rc8 30. Qxd5+ Kh7 31. Nd6 Rcd8 32. Nxf5 gxf5 33.
Qe6 Rde8 34. Qxf5+ Kh8 35. Rd7 Re7 36. Rfd1 Rxd7 37. Rxd7 1-0

[Event "*** Titled Tuesday Blitz"]
[Site "Chess.com"]
[Date "2021.03.02"]
[Round "2"]
[White "vinniethepooh"]
[Black "Matensien"]
[Result "1-0"]
[WhiteElo "2713"]
[BlackElo "2496"]
[TimeControl "180+1"]
[EndTime "10:17:56 PST"]
[Termination "vinniethepooh won by checkmate"]

1. d4 Nf6 2. c4 g6 3. Nc3 Bg7 4.
e4 d6 5. Be2 O-O 6. Be3 c5 7. dxc5 Qa5 8. Bd2 Qxc5 9. Nf3 Nc6 10. O-O Bg4 11. Be3 Qa5 12. a3 Rfc8 13. b4 Qd8 14. Nd2 Bxe2 15. Qxe2 Ng4 16. Qxg4 Bxc3 17. Rac1 Bb2 18. Rc2 Bxa3 19. b5 Ne5 20. Qg3 Bb4 21.
Rfc1 a6 22. bxa6 Rxa6 23. f4 Nd3 24. Rb1 Bc5 25. Rxb7 Ra1+ 26. Nf1 Bxe3+ 27. Qxe3 Nc5 28. Rb5 Rca8 29. Rf2 Ne6 30. f5 Nc7 31. Rb7 Ne8 32. e5 dxe5 33. Qxe5 Rxf1+ 34. Rxf1 Nf6 35. Qxe7 Qd4+ 36.
Kh1 Rf8 37. fxg6 Ng4 38. gxf7+ Kh8 39. Qxf8# 1-0

[Event "*** Titled Tuesday Blitz"]
[Site "Chess.com"]
[Date "2021.03.02"]
[Round "2"]
[White "Pintacara"]
[Black "krzyzan94"]
[Result "0-1"]
[WhiteElo "2489"]
[BlackElo "2710"]
[TimeControl "180+1"]
[EndTime "10:17:57 PST"]
[Termination "krzyzan94 won on time"]

1. d4 Nf6 2. Bg5 e6 3. e4 h6 4. Bxf6 Qxf6 5. c3 d6 6. Bd3 g6 7. Ne2 Bg7 8. O-O O-O 9. f4 Qe7 10. Nd2 b6 11. a4 a5 12. Qe1 Ba6 13. Qg3 Bxd3 14. Qxd3 Nd7 15. f5 Rae8 16. fxg6 fxg6 17. Nf4 Qg5 18. g3 e5 19. Qc4+ Kh7 20. Ne6 Qxd2 21. Nxf8+ Rxf8 22. Rxf8 Nxf8 23. dxe5 dxe5 24. Rf1 Nd7 25. Qxc7 Qe3+ 26. Kg2 Qxe4+ 27. Kg1 Qe3+ 28. Kg2 Qd2+ 29. Rf2 Qd5+ 30. Kg1 e4 31. Re2 Ne5 32. Qc8 Qd1+ 33. Kf2 Nd3+ 34. Ke3 Nc5 35. Qg4 h5 0-1

[Event "*** Titled Tuesday Blitz"]
[Site "Chess.com"]
[Date "2021.03.02"]
[Round "2"]
[White "Karla"]
[Black "GianmarcoVaR"]
[Result "0-1"]
[WhiteElo "2250"]
[BlackElo "2618"]
[TimeControl "180+1"]
[EndTime "10:17:57 PST"]
[Termination "GianmarcoVaR won by resignation"]

1. e4 c5 2. d4 cxd4 3. c3 Nf6 4. e5 Nd5 5. cxd4 d6 6. Bc4 Nb6 7. Bb3 Nc6 8. f4 dxe5 9. dxe5 Qxd1+ 10. Kxd1 Bg4+ 11. Nf3 O-O-O+ 12. Ke2 Nd4+ 13. Kf2 Bxf3 14. gxf3 e6 15. Be3 Nf5 16. Nc3 Nxe3 17. Kxe3 a6 18. f5 Bc5+ 19. Kf4 Rhf8 20. Rhd1 Bd4 21. fxe6 fxe6+ 22. Ke4 Bxc3 23. Rxd8+ Kxd8 24. bxc3 Ke7 25. h4 Nd7 26. f4 Rd8 27. Ke3 Nc5 28. Bc2 h6 29. h5 Nd7 30. Rg1 Kf7 31. Rd1 Ke7 32. Rg1 Kf8 33. Rd1 b6 34. Bb3 Ke7 35. Rd6 Nc5 36. Rxb6 Rd3+ 37. Ke2 Rxc3 38. Rc6 Kd7 39. Rb6 a5 40. Rb5 Kc6 41. Rxc5+ Kxc5 42. Bxe6 Kd4 43. Bb3 Ke4 44. f5 Kxe5 45. f6 Kxf6 46. Kd2 Rh3 47. Kc2 Rxh5 48. Kd2 Re5 49. Kd1 h5 50. Bc2 h4 51. Bd3 h3 52. Bf1 h2 53. Bg2 Rg5 54. Bh1 Rg1+ 55. Ke2 Rxh1 56. Kf3 Rg1 57. Kf2 g5 0-1

[Event "*** Titled Tuesday Blitz"]
[Site "Chess.com"]
[Date "2021.03.02"]
[Round "2"]
[White "2346PL"]
[Black "LEGENYA1998"]
[Result "0-1"]
[WhiteElo "2433"]
[BlackElo "2255"]
[TimeControl "180+1"]
[EndTime "10:17:57 PST"]
[Termination "LEGENYA1998 won on time"]

1. d4 d5 2. Nc3 c6 3. Bf4 Bf5 4. e3 Nf6 5. f3 e6 6. g4 Bg6 7. h4 h5 8. g5 Nfd7 9. Bd3 Bxd3 10.
cxd3 g6 11. Nge2 Qb6 12. Qd2 c5 13. dxc5 Bxc5 14. d4 Bb4 15. a3 Bd6 16. b4 Bxf4 17. Nxf4 O-O 18. O-O Nc6 19. Qd3 Kg7 20. Rac1 Rac8 21.
Rc2 Ne7 22. e4 dxe4 23. fxe4 e5 24. Ncd5 Nxd5 25. Nxd5 Qxd4+ 26. Qxd4 exd4 27. Rd2 Rfe8 28. Rxd4 Ne5 29. Nf6 Red8 30. Rd5 Rxd5 31. exd5 Rc2 32. Rf2 Rxf2 33. Kxf2 Kf8 34. Ke3 Ke7 35. Ne4 Nc4+ 36.
Kd4 Nxa3 37. Ke5 Nc4+ 38. Kd4 Nd6 39. Nc5 b6 40. Na6 Nf5+ 41. Ke5 Nxh4 42. d6+ Kd8 43. Kf6 Nf5 44. Kxf7 h4 45. Kxg6 h3 46. Kxf5 h2 47. Ke6 h1=Q 48. Nc7 Qe1+ 49. Kd5 Qd2+ 50. Kc6 Qc2+ 0-1

[Event "*** Titled Tuesday Blitz"]
[Site "Chess.com"]
[Date "2021.03.02"]
[Round "2"]
[White "Michaelson_11"]
[Black "Euwe1234"]
[Result "1/2-1/2"]
[WhiteElo "2277"]
[BlackElo "2463"]
[TimeControl "180+1"]
[EndTime "10:17:58 PST"]
[Termination "Game drawn by repetition"]

1. e4 c6 2. d4 d5 3. Nd2 dxe4 4. Nxe4 Bf5 5. Ng3 Bg6 6. h4 h6 7. Nf3 Nd7 8. h5 Bh7 9. Bd3 Bxd3 10. Qxd3 e6 11.
Bd2 Ngf6 12. Ne4 Nxe4 13. Qxe4 Nf6 14. Qd3 Be7 15. O-O-O O-O 16. g4 Nxg4 17. Qe2 Qd5 18.
c4 Qf5 19. Rhg1 Kh7 20. d5 Bc5 21. Nh4 Qxh5 22. Rxg4 g5 23. Rdg1 f5 24. Re4 Qxe2 25.
Rxe2 gxh4 26. Rxe6 f4 27. Rgg6 Rf7 28. Bc3 Bf8 29.
d6 h3 30. Rg1 c5 31. Be5 Rd8 32. Rh1 Bg7 33. Rxh3 Bxe5 34. Rhxh6+ Kg7 35. Rhg6+ Kh7 36. Rh6+ Kg7 37. Rhg6+ Kh7 38. Rh6+ 1/2-1/2

[Event "*** Titled Tuesday Blitz"]
[Site "Chess.com"]
[Date "2021.03.02"]
[Round "2"]
[White "ChainsOfFantasia"]
[Black "Andrakhanova"]
[Result "1-0"]
[WhiteElo "2462"]
[BlackElo "2251"]
[TimeControl "180+1"]
[EndTime "10:17:58 PST"]
[Termination "ChainsOfFantasia won by resignation"]

1. d4 d5 2. Nf3 e6 3. c4 c6 4. Nc3 dxc4 5. e3 b5 6. a4 Bb4 7. Bd2 a5 8. axb5 Bxc3 9. Bxc3 cxb5 10. b3 Bb7 11. bxc4 b4 12. Bb2 Nf6 13. Bd3 Nbd7 14.
O-O Qc7 15. Bc2 O-O 16. Nd2 e5 17. c5 exd4 18. exd4 Rfd8 19. Qe2 g6 20. Nc4 Re8 21. Qd2 Ng4 22. Nd6 Re7 23. Qg5 Ndf6 24. h3 Qc6 25.
Nxb7 h6 26. Qf4 Re2 27. Rac1 Qxb7 28. hxg4 Nd5 29. Qf3 Rae8 30. Bb3 Rxb2 31. Bxd5 Qe7 32. c6 Rd8 33. c7 Rc8 34. Rfe1 Qd7 35. Re5 Rxc7 36.
Rce1 Kg7 37. Re7 Qxe7 38. Rxe7 Rxe7 39. Kh2 Ree2 40. Qxf7+ 1-0

[Event "*** Titled Tuesday Blitz"]
[Site "Chess.com"]
[Date "2021.03.02"]
[Round "2"]
[White "FGHSMN"]
[Black "NiranjanNavalgund"]
[Result "1-0"]
[WhiteElo "2672"]
[BlackElo "2432"]
[TimeControl "180+1"]
[EndTime "10:17:59 PST"]
[Termination "FGHSMN won by resignation"]

1. e4 e5 2. f4 d5 3. exd5 exf4 4. Nf3 Nf6 5. Be2 Nxd5 6. O-O c5 7. Kh1 Be7 8. c4 Nf6 9. d4 cxd4 10. Nxd4 O-O 11.
Bxf4 Nc6 12. Nxc6 bxc6 13. Nc3 Be6 14. b3 Qa5 15. Qc2 Rad8 16. Rad1 Bf5 17. Bd3 Bxd3 18. Rxd3 Qf5 19. Rd2 Qxc2 20. Rxc2 Rd3 21. g3 Rfd8 22. Kg2 Bb4 23. Ne2 Ne4 24. Bc1 f6 25. Nf4 Rd1 26.
Rxd1 Rxd1 27. Be3 a5 28. Re2 Nc3 29. Rc2 Ne4 30. Ne6 Re1 31. Kf3 f5 32. Nd4 c5 33. Nxf5 Nf6 34. Ne7+ Kf7 35. Nc6 Ke6 36.
Nxb4 cxb4 37. Bb6 Kf5 38. Bxa5 g5 39. Bxb4 g4+ 40. Kg2 Ra1 41. Rf2+ Ke6 42. Rxf6+ 1-0

[Event "*** Titled Tuesday Blitz"]
[Site "Chess.com"]
[Date "2021.03.02"]
[Round "2"]
[White "igorcadilhac"]
[Black "Aisen1011"]
[Result "0-1"]
[WhiteElo "2404"]
[BlackElo "2207"]
[TimeControl "180+1"]
[EndTime "10:17:59 PST"]
[Termination "Aisen1011 won on time"]

1. e4 e5 2. Nf3 Nc6 3. Bb5 a6 4. Ba4 Nge7 5. d4 exd4 6. Nxd4 g6 7. Nxc6 Nxc6 8. h4 Bg7 9. Bg5 f6 10. Be3 Qe7 11. Nc3 d6 12. Nd5 Qf7 13. h5 Be6 14. h6 Bf8 15. Qf3 Be7 16. Nxc7+ Kd7 17. Nxa8 Rxa8 18.
O-O-O b5 19. Bb3 Ne5 20. Qe2 Bc4 21. Qd2 a5 22. Bc5 Ra6 23. f4 Nd3+ 24. cxd3 Bxb3 25. axb3 dxc5 26. d4 c4 27. d5 cxb3 28. e5 fxe5 29. fxe5 Qf5 30. Rhf1 Bg5 31. Rxf5 Bxd2+ 32. Kxd2 gxf5 33.
Ke3 a4 34. Kf4 b4 35. Kxf5 a3 36. e6+ Kd6 37. bxa3 bxa3 38. Re1 b2 39. e7 Ra8 40. Re6+ Kxd5 41. Re1 a2 42. Kf6 b1=Q 43. Rxb1 axb1=Q 0-1

[Event "*** Titled Tuesday Blitz"]
[Site "Chess.com"]
[Date "2021.03.02"]
[Round "2"]
[White "pastouche06"]
[Black "Zkid"]
[Result "0-1"]
[WhiteElo "2529"]
[BlackElo "2813"]
[TimeControl "180+1"]
[EndTime "10:18:00 PST"]
[Termination "Zkid won on time"]

1. d4 d5 2. c4 dxc4 3. e3 e6 4.
Bxc4 Nf6 5. Nf3 c5 6. O-O a6 7. dxc5 Bxc5 8. Qxd8+ Kxd8 9. Ne5 Ke7 10. Be2 Nfd7 11. Nd3 Bd6 12. Nd2 b5 13. Ne4 Bc7 14. b3 a5 15. a4 b4 16. Bb2 Bb7 17. Nec5 Nxc5 18. Nxc5 Bc6 19. Rac1 Ra7 20. Bf3 Bxf3 21. gxf3 Bb6 22. Ne4 f5 23. Nd2 Rd7 24. Nc4 Bc7 25.
Be5 Bxe5 26. Nxe5 Rd5 27. f4 Nd7 28. Nc6+ Kf6 29. Nd4 Nc5 30. Rc4 Rhd8 31. Rfc1 Ne4 32. Rc6 R8d6 33. Rxd6 Rxd6 34. Rc2 Nc3 35. Kg2 e5 36.
fxe5+ Kxe5 37. Rd2 Ke4 38. Kf1 f4 39. f3+ Kxe3 40.
Nf5+ Kxd2 41. Nxd6 Kc2 42. Nc4 Kxb3 43. Nxa5+ Kxa4 44. Nc6 b3 0-1

[Event "*** Titled Tuesday Blitz"]
[Site "Chess.com"]
[Date "2021.03.02"]
[Round "2"]
[White "szachuspl"]
[Black "frederiksvane"]
[Result "1/2-1/2"]
[WhiteElo "2485"]
[BlackElo "2678"]
[TimeControl "180+1"]
[EndTime "10:18:01 PST"]
[Termination "Game drawn by repetition"]

1. d4 Nf6 2. c4 e6 3. Nf3 d5 4. Nc3 h6 5. Bf4 Bd6 6. Bxd6 Qxd6 7. e3 O-O 8. Rc1 b6 9. cxd5 Nxd5 10. Be2 Bb7 11.
O-O Nxc3 12. Rxc3 Nd7 13. Qc2 c5 14. Rd1 Qe7 15. dxc5 Nxc5 16. b4 Na6 17. a3 Rfc8 18.
Ne5 Rxc3 19. Qxc3 Rd8 20. Rd4 Nb8 21. f3 Rxd4 22. exd4 Qd8 23. Kf2 Qc8 24. Qxc8+ Bxc8 25. Bb5 Kf8 26. Ke3 Ke7 27. h4 Bb7 28. f4 Bxg2 29. Ba4 Bb7 30. Bb5 g6 31. Ba4 Ba6 32. Ke4 Bc8 33. Ke3 Bb7 34. Bb5 a6 35. Ba4 Bd5 36. Kd3 b5 37. Bd1 Nd7 38. Ke3 Nxe5 39. dxe5 f6 40. Kd4 fxe5+ 41. Kxe5 Kf7 42. Bg4 Ke7 43. Be2 Kf7 44. Bd3 Bb7 45. Bc2 Bd5 46. Bd3 Bc4 47. Be4 Bd5 48. Bd3 1/2-1/2

[Event "*** Titled Tuesday Blitz"]
[Site "Chess.com"]
[Date "2021.03.02"]
[Round "2"]
[White "swisspower96"]
[Black "zajka-molotok"]
[Result "1-0"]
[WhiteElo "2684"]
[BlackElo "2477"]
[TimeControl "180+1"]
[EndTime "10:18:01 PST"]
[Termination "swisspower96 won by resignation"]

1. d4 d5 2. c4 dxc4 3. Nf3 Nf6 4. e3 e6 5. Bxc4 c5 6. O-O a6 7. b3 b6 8. Ba3 cxd4 9. Bxf8 Kxf8 10. Nxd4 Qe7 11. Nc3 Bb7 12. Be2 Nbd7 13. Bf3 Ne5 14. Bxb7 Qxb7 15. Nxe6+ fxe6 16. Qd6+ Kf7 17. Qxe5 Rac8 18.
Rac1 Rhd8 19. Na4 Rxc1 20. Rxc1 Rd7 21. h3 Nd5 22. Nb2 b5 23. Nd3 Rc7 24. Rxc7+ Nxc7 25. Qd6 a5 26. Nc5 Qc8 27. Qc6 Qd8 28. Kh2 b4 29. Nb7 Qe7 30. e4 Ne8 31. Nxa5 Nf6 32.
Nc4 Qa7 33. f3 h5 34. Ne5+ Kg8 35. Qxe6+ Kh8 36. Nf7+ Kh7 37. Ng5+ Kg6 38. Qf5+ Kh6 39. e5 Qc7 40. f4 1-0

[Event "*** Titled Tuesday Blitz"]
[Site "Chess.com"]
[Date "2021.03.02"]
[Round "2"]
[White "KetiGrant"]
[Black "Vugar_Manafov"]
[Result "1-0"]
[WhiteElo "2351"]
[BlackElo "2615"]
[TimeControl "180+1"]
[EndTime "10:18:01 PST"]
[Termination "KetiGrant won by checkmate"]

1. e4 Nf6 2. e5 Nd5 3. d4 d6 4. c4 Nb6 5. exd6 exd6 6. Be3 Be7 7. Nc3 O-O 8. Bd3 Bf6 9. Nge2 Nc6 10. O-O Re8 11. b3 Bg4 12. Qd2 d5 13. c5 Nc8 14.
Ng3 N8e7 15. h3 Be6 16. Nce2 Ng6 17. b4 Qd7 18. b5 Nce7 19. Nh5 Bh4 20. Nhf4 Nxf4 21.
Nxf4 Bf5 22. Rfe1 c6 23. a4 Bxd3 24. Qxd3 Nf5 25. Bd2 Bf6 26. Bc3 g6 27. Rab1 Rxe1+ 28. Rxe1 Re8 29. Rxe8+ Qxe8 30. a5 Bg5 31. Ne2 cxb5 32.
Qf3 Qe6 33. Nf4 Bxf4 34. Qxf4 Qc8 35. Qe5 Qd8 36. Bd2 a6 37. Kf1 Qe7 38. Qb8+ Kg7 39. Bf4 f6 40. g4 Nxd4 41. Bd6 Qd7 42. Qf8# 1-0

[Event "*** Titled Tuesday Blitz"]
[Site "Chess.com"]
[Date "2021.03.02"]
[Round "2"]
[White "heyjohnnypark"]
[Black "BabyBoss31"]
[Result "0-1"]
[WhiteElo "2600"]
[BlackElo "2337"]
[TimeControl "180+1"]
[EndTime "10:18:01 PST"]
[Termination "BabyBoss31 won by resignation"]

1. d4 d5 2. Nf3 c6 3. c4 Nf6 4.
Nc3 dxc4 5. a4 Bf5 6. Nh4 Bg6 7. Nxg6 hxg6 8. e4 e5 9. Bxc4 exd4 10. Qb3 Qe7 11. Bg5 dxc3 12. O-O-O cxb2+ 13. Kb1 Nbd7 14. e5 O-O-O 15. exf6 gxf6 16. Bf4 Qe4+ 17. Ka2 Qxf4 18. Bxf7 Qb4 19. Qc2 Rh4 20. Rd3 Qxa4+ 21. Qxa4 Rxa4+ 22. Kxb2 Ne5 23. Be6+ Kc7 24. Rxd8 Kxd8 25. h4 Ke7 26.
Bb3 Rf4 27. f3 Bg7 28. h5 gxh5 29. Rxh5 Kf8 30. Rh1 Rd4 31. Ra1 a6 32. f4 Rxf4 33. Rd1 Ke7 34. g3 Rf2+ 35. Ka3 c5 36. Rh1 c4 37.
Ba2 b5 38. Rh7 Kf8 39. Bb1 Kg8 40. Be4 Bf8+ 0-1

[Event "*** Titled Tuesday Blitz"]
[Site "Chess.com"]
[Date "2021.03.02"]
[Round "2"]
[White "Make_it_shine060"]
[Black "erdni1993"]
[Result "1-0"]
[WhiteElo "2256"]
[BlackElo "2431"]
[TimeControl "180+1"]
[EndTime "10:18:01 PST"]
[Termination "Make_it_shine060 won by checkmate"]

1. d4 Nf6 2. c4 e6 3. Nf3 c5 4. d5 exd5 5. cxd5 Bd6 6. Nc3 O-O 7. e4 Re8 8. Bd3 h6 9. O-O Bc7 10. h3 d6 11. Be3 a6 12. a4 Nbd7 13. Qc2 Rb8 14. Nd2 Ne5 15. Be2 Bd7 16. f4 Ng6 17. Bd3 b5 18. axb5 axb5 19. e5 dxe5 20. Bxg6 fxg6 21.
Qxg6 b4 22. Nce4 Nxe4 23. Nxe4 Rb6 24. d6 Bxd6 25. Nxd6 Re6 26. Qf7+ Kh7 27. fxe5 Rxe5 28. Bf4 Re6 29. Ra7 Re7 30. Qd5 Be6 31. Qd3+ Kg8 32.
Rxe7 Qxe7 33. Re1 Qf6 34. Be5 Qg5 35. Bh2 Bf7 36. Nxf7 Kxf7 37. Qd7+ Kg6 38. Qd3+ Kf7 39. Qf3+ Rf6 40. Qb7+ Kg6 41. Qe4+ Kf7 42. Qe8# 1-0

[Event "*** Titled Tuesday Blitz"]
[Site "Chess.com"]
[Date "2021.03.02"]
[Round "2"]
[White "volunteers1998"]
[Black "Misticpikachu"]
[Result "0-1"]
[WhiteElo "2154"]
[BlackElo "2412"]
[TimeControl "180+1"]
[EndTime "10:18:01 PST"]
[Termination "Misticpikachu won on time"]

1. e4 c5 2. Nf3 Nc6 3. Bb5 e6 4. O-O Nge7 5. d4 cxd4 6. Nxd4 Qb6 7. Nxc6 bxc6 8. Be2 Ng6 9. Nc3 Be7 10. Re1 O-O 11.
Rb1 d5 12. Be3 Qc7 13. Qd2 Rd8 14. exd5 cxd5 15. Nb5 Qc6 16. Nd4 Qc7 17. Nb5 Qb8 18. Bd3 Ba6 19. a4 Bf6 20. c3 Ne5 21. Bf4 Nc4 22. Bxb8 Nxd2 23. Bc7 Rdc8 24. Rbd1 Nb3 25. Bg3 Nc5 26. Bb1 Nxa4 27. Nd4 Nxb2 28. Rd2 Nc4 29.
Ra2 Bb7 30. Bd3 Nb6 31. Bc4 Rc5 32. Nb5 Nxc4 33. Rxa7 Rxa7 34. Nxa7 h6 35. Rb1 Ba6 36. Rb7 Bxb7 37. h4 Ra5 38. Bc7 Rxa7 39. Kh2 Be7 40. Bf4 Bd6 0-1

[Event "*** Titled Tuesday Blitz"]
[Site "Chess.com"]
[Date "2021.03.02"]
[Round "2"]
[White "sau6on"]
[Black "1random"]
[Result "1-0"]
[WhiteElo "2661"]
[BlackElo "2656"]
[TimeControl "180+1"]
[EndTime "10:18:02 PST"]
[Termination "sau6on won by checkmate"]

1. e4 f5 2. exf5 Nf6 3. g4 g6 4. g5 Ne4 5. d3 Nd6 6. fxg6 hxg6 7. h4 Bg7 8. h5 gxh5 9. Rxh5 O-O 10. Bg2 Qe8 11. Nc3 Qf7 12. Be3 Nc6 13. Qg4 Ne5 14. Qh3 Nf5 15. O-O-O c6 16. Nge2 d5 17. Rh1 Qe8 18.
Nf4 Ng6 19. Rh7 Qf7 20. Nh5 Nxe3 21. Qxe3 Nf4 22. Rxg7+ Qxg7 23. Nxg7 Kxg7 24. Bf3 Bd7 25. Qe5+ Kg6 26. Rh6+ Kf7 27. Qxf4+ Ke8 28. Bh5+ Kd8 29. Qxf8+ Kc7 30. Qxa8 d4 31. Qxa7 dxc3 32. Rh7 cxb2+ 33. Kxb2 e6 34. Rxd7+ Kxd7 35. Qxb7+ Kd6 36. Bf3 Kc5 37. Qxc6+ Kd4 38. Qc3# 1-0

[Event "*** Titled Tuesday Blitz"]
[Site "Chess.com"]
[Date "2021.03.02"]
[Round "2"]
[White "Vandros57"]
[Black "Vasily85"]
[Result "0-1"]
[WhiteElo "2243"]
[BlackElo "2457"]
[TimeControl "180+1"]
[EndTime "10:18:02 PST"]
[Termination "Vasily85 won on time"]

1. d4 Nf6 2. Nf3 e6 3. c4 b6 4. e3 Bb7 5. a3 c5 6. Nc3 cxd4 7. exd4 d5 8. Bg5 Be7 9. Bd3 dxc4 10. Bxc4 O-O 11.
O-O Nc6 12. Be3 Rc8 13. Ba2 Na5 14. Qe2 Nd5 15. Rac1 Nxc3 16. Rxc3 Rxc3 17. bxc3 Bxa3 18. Ne5 Qc7 19. Bd2 Bd6 20. f4 Bd5 21. Bb1 Nc4 22. Rc1 a5 23. Bd3 Nxd2 24. Qxd2 Bxe5 25. fxe5 Bc4 26.
Rf1 a4 27. Rf3 a3 28. Bxh7+ Kxh7 29. Rh3+ Kg8 30. Qc2 g6 31. Qc1 a2 32. Qh6 a1=Q+ 33. Kf2 Qf1+ 34. Kg3 Qe1+ 35. Kg4 Be2+ 36. Kf4 Qc1+ 37.
Re3 Q7xc3 0-1

[Event "*** Titled Tuesday Blitz"]
[Site "Chess.com"]
[Date "2021.03.02"]
[Round "2"]
[White "Lion-Al-Messi"]
[Black "salomez"]
[Result "1-0"]
[WhiteElo "2428"]
[BlackElo "2214"]
[TimeControl "180+1"]
[EndTime "10:18:02 PST"]
[Termination "Lion-Al-Messi won on time"]

1. e4 c5 2. Nf3 e6 3. d4 cxd4 4. Nxd4 Nf6 5. Nc3 Nc6 6. Nxc6 bxc6 7. e5 Nd5 8. Ne4 Qc7 9. f4 Qb6 10. c4 Bb4+ 11. Ke2 Ba6 12. Kf3 f5 13. Nd6+ Bxd6 14. cxd5 Bc5 15. d6 Bxf1 16. Rxf1 O-O 17. g3 Bd4 18.
Qe2 Rab8 19. Kg2 c5 20. Rb1 Qa5 21. b3 c4 22. Rd1 Qb6 23. Re1 Rfc8 24. Be3 Bxe3 25. Qxe3 cxb3 26. Qxb6 Rxb6 27. Rxb3 Rc2+ 28. Kh3 Ra6 29. a3 Rb6 30. Reb1 Rxb3 31. Rxb3 Kf7 32. Rb7 Ke8 33. Rb8+ Kf7 34. Rd8 Ra2 35. Rxd7+ Kg6 36. Rxa7 h6 37. d7 Rd2 38. Rc7 1-0